 Dungeon Crawl Stone Soup version 0.27-a0-860-gaf99fae3ca (webtiles) character file.

Game seed: 10765722509449206943

813 mhtbhm the Chopper (level 7, 40/61 HPs)
             Began as a Grey Draconian Berserker on Apr 2, 2021.
             Was a Priest of Trog.
             Quit the game on level 4 of the Dungeon.
             The game lasted 00:06:03 (5305 turns).

mhtbhm the Chopper (Grey Draconian Berserker)       Turns: 5305, Time: 00:06:04

Health: 40/61      AC: 13    Str: 22    XL:     7   Next: 61%
Magic:  7/7        EV: 13    Int:  7    God:    Trog [***...]
Gold:   130        SH:  0    Dex: 10    Spells: 6/6 levels left

rFire    . . .     SeeInvis .   a - +0 hand axe
rCold    . . .     Faith    .   (no shield)
rNeg     . . .     Spirit   .   (armour unavailable)
rPois    .         Reflect  .   (helmet restricted)
rElec    .         Harm     .   e - +0 cloak
rCorr    .         Rampage  .   (no gloves)
Will     .....                  q - +0 pair of boots
Stlth    ++........             (no amulet)
HPRegen  0.20/turn              (no ring)
MPRegen  0.10/turn              (no ring)

@: hasted, very quick
A: AC +11, unfitting armour, unbreathing 2, cold-blooded
a: Renounce Religion, Berserk, Trog's Hand


You were on level 4 of the Dungeon.
You worshipped Trog.
Trog was most pleased with you.
You visited 1 branch of the dungeon, and saw 4 of its levels.
You also visited: Sewer.

You collected 130 gold pieces.

Inventory:

Hand Weapons
 a - a +0 hand axe (weapon)
Missiles
 l - 4 poisoned darts (quivered)
Armour
 e - a +0 cloak (worn)
 q - a +0 pair of boots (worn)
Scrolls
 b - a scroll of enchant weapon {unknown}
 f - a scroll of amnesia
 i - a scroll of blinking
 j - 2 scrolls of teleportation
 m - 2 scrolls of immolation {unknown}
 o - a scroll of identify
 s - a scroll of fear {unknown}
Potions
 c - 5 potions of heal wounds
 d - a potion of attraction {unknown}
 g - a potion of haste
 h - a potion of lignification {unknown}
 k - 5 potions of curing
 n - a potion of flight {unknown}
 p - a potion of cancellation {unknown}
 r - a potion of degeneration {unknown}


   Skills:
 + Level 5.2 Fighting
 + Level 6.4 Axes
 + Level 0.4 Throwing
 + Level 4.9 Dodging
 + Level 2.2 Stealth


You had 6 spell levels left.
You didn't know any spells.
Your spell library was empty.

Dungeon Overview and Level Annotations

Branches:
Dungeon (4/15)              Sewer (visited)
 Temple: D:4-7

Altars:


Innate Abilities, Weirdness & Mutations

Your dull iron-grey scales are very hard. (AC +11)
You cannot fit into any form of body armour.
You can survive without breathing, even under water.
You are cold-blooded and may be slowed by cold attacks.


Message History

Aim: Pikel, wielding a +0 whip of freezing and wearing a +0 robe (almost dead, poisoned, 50% to hit)
You throw a poisoned dart. The poisoned dart barely misses Pikel.
The poisoned dart hits the lemure.
The lemure is poisoned.
The lemure is lightly wounded.
There is a stone staircase leading up here.
Throw: 5 darts (poison)
Press: ? - help, Q - select action, (/) - cycle Shift-Dir - straight line, f/p - Pikel
Aim: Pikel, wielding a +0 whip of freezing and wearing a +0 robe (almost dead, poisoned, 50% to hit)
You throw a poisoned dart. The poisoned dart hits Pikel.
Pikel looks even sicker.
Pikel is almost dead.
Unknown command.
You feel much better.
You hit Pikel but do no damage.
Pikel is almost dead.
Pikel hits you but does no damage.
You hit Pikel.
You kill Pikel!
Trog accepts your kill.
With Pikel's spell broken, his former minions thank you for their freedom.
The lemure departs this earthly plane. x3
Your Fighting skill increases to level 5!
Your Axes skill increases to level 6!
Your Stealth skill increases to level 2!
You have reached level 7!
Your scales start taking on a dull iron-grey colour.
You learn Air Magic much slower.
You learn Earth Magic much quicker.
You feel breathless.
Things that are here:
a +0 whip of freezing; a +0 robe; the kobold corpse of Pikel
Okay, then.
An adder skeleton is nearby!
An adder skeleton is nearby!
Are you sure you want to abandon this character and quit the game? (Confirm with "yes".)
Okay, then.
Unknown command.
Unknown command.
Are you sure you want to abandon this character and quit the game? (Confirm with "yes".)

############
#.....Z(...#
.........###Z####
###.####...§§@<.#
# #..#####.######
#..# #......#
##.# #....#....
.# #.##†# # .#
#.# .# ..# ..
#### ###


You could see an adder skeleton.

Vanquished Creatures
  Pikel (D:4)
  A lemure (D:4)
  A kobold brigand (Sewer)
  Jessica (D:3)
  10 river rats (Sewer)
  7 adders
  A worm (D:3)
  2 dart slugs
  9 ball pythons
  14 endoplasms
  A giant cockroach (D:1)
  6 goblins
  5 hobgoblins
  9 jackals (D:1)
  20 kobolds
  3 quokkas
  5 bats
  5 frilled lizards
  18 rats
119 creatures vanquished.

Notes
Turn   | Place    | Note
-------+----------+-------------------------------------------
     0 | D:1      | mhtbhm the Draconian Berserker began the quest for the Orb.
     0 | D:1      | Reached XP level 1. HP: 19/19 MP: 1/1
   215 | D:1      | Reached XP level 2. HP: 23/26 MP: 2/2
   694 | D:1      | Reached ** piety under Trog
   911 | D:1      | Reached XP level 3. HP: 22/33 MP: 3/3
  1065 | D:1      | Found a faded altar of an unknown god.
  1751 | D:2      | Reached skill level 4 in Axes
  1818 | D:2      | Reached XP level 4. HP: 40/40 MP: 4/4
  2452 | D:3      | Found a glowing drain.
  2463 | Sewer    | Entered a sewer
  3210 | Sewer    | Reached XP level 5. HP: 35/46 MP: 5/5
  3753 | Sewer    | Reached *** piety under Trog
  3893 | Sewer    | Reached skill level 5 in Axes
  3893 | Sewer    | Reached skill level 1 in Stealth
  3893 | Sewer    | Reached XP level 6. HP: 24/53 MP: 6/6
  4626 | D:3      | Noticed Jessica
  4637 | D:3      | Killed Jessica
  5248 | D:4      | Noticed Pikel
  5303 | D:4      | Killed Pikel
  5304 | D:4      | Reached skill level 5 in Fighting
  5304 | D:4      | Reached skill level 6 in Axes
  5304 | D:4      | Your scales start taking on a dull iron-grey colour.
  5304 | D:4      | Reached XP level 7. HP: 40/61 MP: 7/7
  5304 | D:4      | Gained mutation: You can survive without breathing. [Grey
                  | Draconian growth]
  5304 | D:4      | Gained mutation: You can survive without breathing, even
                  | under water. [Grey Draconian growth]
  5305 | D:4      | Quit the game

Illustrated notes

Levels and vault maps discovered:
D:1:      minmay_arrival_wavy_path, layout_basic,
          ebering_ecumenical_altar_sacrificial, minivault_25
D:2:      minmay_spotlight, layout_rooms, serial_corexii_hall,
          chequers_hall_statues_corner_a, corexii_hall_statues_i,
          corexii_hall_statues_deadend, chequers_hall_statues_wall_a,
          minmay_diced_spiral
D:3:      layout_basic, portal_sewer_entry_d, uniq_jessica
D:4:      layout_loops_ring, lemuel_tele_altar, kennysheep_generic_room_10,
          uniq_duvessa, uniq_pikel, uniq_menkaure

Skill      XL: |  1  2  3  4  5  6 |
---------------+-------------------+-----
Dodging        | 3 4 |  4.9
Axes           | 4 5 6 |  6.4
Fighting       | 4 5 |  5.2
Stealth        | 1 2 |  2.2
Throwing       | |  0.4

Action                   |  1- 3 |  4- 6 |  7- 9 || total
-------------------------+-------+-------+-------++-------
Melee: Hand axe          |    96 |   254 |       ||   350
       Tailslap          |    10 |    29 |       ||    39
Throw: Dart              |       |     3 |       ||     3
  Use: Scroll            |       |     4 |       ||     4
       Potion            |       |     7 |       ||     7
 Stab: Sleeping          |     1 |     1 |       ||     2
       Distracted        |     1 |       |       ||     1
Armor: Skin              |    32 |    75 |       ||   107
Dodge: Dodged            |    74 |   164 |       ||   238

Table legend: (Time is in decaauts)
 A = Elapsed time spent in this place.
 B = Non-inter-level travel time spent in this place.
 C = Inter-level travel time spent in this place.
 D = Time resting spent in this place.
 E = Time spent auto-exploring this place.
 F = Levels seen in this place.
 G = Mean time per level.
                   A        B        C        D        E       F      G
               +--------+--------+--------+--------+--------+-----+--------+
         Total |   5359 |   5325 |     34 |   1543 |   2729 |   5 | 1071.8 |
       Dungeon |   3331 |   3297 |     34 |    497 |   2117 |   4 |  832.8 |
         Sewer |   2028 |   2028 |      0 |   1046 |    612 |   1 | 2028.0 |
               +--------+--------+--------+--------+--------+-----+--------+

Top non-repeatable levels by time:
   Sewer: 2028 daAuts
     D:1: 1314 daAuts
     D:2: 1053 daAuts
     D:3: 865 daAuts
     D:4: 98 daAuts
